 Dungeon Crawl Stone Soup version 0.31-a0-233-g139696dc86 (webtiles) character file.

Game seed: 5513975519726876104

94 qw the Shooter (level 4, -5/26 HPs)
             Began as a Gargoyle Hexslinger on July 8, 2023.
             Slain by a steam dragon (6 damage)
             ... on level 3 of the Dungeon.
             The game lasted 00:00:58 (1995 turns).

qw the Shooter (Gargoyle Hexslinger)                Turns: 1995, Time: 00:00:59

Health: -5/26      AC:  8    Str: 11    XL:     4   Next: 63%
Magic:  5/5        EV: 10    Int: 14    God:
Gold:   141        SH:  0    Dex: 20    Spells: 4/5 levels left

rFire   . . .        Y - +2 sling
rCold   . . .        (no shield)
rNeg    + . .        d - +0 ring mail
rPois   inf          (no helmet)
rElec   +            (no cloak)
rCorr   +            (no gloves)
SInv    .            (no boots)
Will    .....        k - amulet of faith
Stlth   +            a - +6 ring of dexterity
HPRegen 0.24/turn    b - ring of resist corrosion
MPRegen 0.09/turn

%: faith
@: no status effects
A: sickness immunity, AC +3, negative energy resistance 1, electricity
resistance, torment resistance 1, petrification resistance
a: no special abilities


You were on level 3 of the Dungeon.
You visited 1 branch of the dungeon, and saw 4 of its levels.

You collected 141 gold pieces.


Innate Abilities, Weirdness & Mutations

You are immune to sickness and miasma.
Your stone body is resilient. (AC +3)
You are immune to poison.
You resist negative energy. (rN+)
You are resistant to electric shocks. (rElec)
You are resistant to unholy torment.
You are immune to petrification.


   Skills:
 - Level 2.0 Fighting
 + Level 4.2 Ranged Weapons
 - Level 1.0 Armour
 - Level 1.5 Dodging
 - Level 1.0 Spellcasting
 - Level 2.6 Hexes


You had 4 spell levels left.
You knew the following spells:

 Your Spells              Type           Power      Damage    Failure   Level
a - Slow                  Hex            32%        N/A       21%         1

Your spell library contained the following spells:

 Spells                   Type           Power      Damage    Failure   Level
 Inner Flame              Hex/Fire       4%         N/A       71%         3
 Portal Projectile        Hex/Tloc       8%         N/A       71%         3
 Cause Fear               Hex            4%         N/A       90%         4

Inventory:

Hand Weapons
 Y - a +2 sling (weapon)
Armour
 d - a +0 ring mail (worn)
Jewellery
 a - a +6 ring of dexterity (left hand)
 b - a ring of resist corrosion (right hand)
 k - an amulet of faith (around neck)
Scrolls
 e - a scroll of identify
Potions
 c - a potion of enlightenment
 f - a potion of curing

Dungeon Overview and Level Annotations

Branches:
Dungeon (4/15)
 Temple: D:4-7

Altars:
Elyvilon
Makhleb


Message History

(D) Dungeon
Where to? (* - list waypoints, Enter - D:4, ? - help)
What level of the Dungeon? (default 1, ? - help)
You climb downwards.
There is a stone staircase leading up here.
A steam dragon is nearby!
You shoot a sling bullet.
The sling bullet hits the steam dragon but does no damage.
You shoot a sling bullet.
The sling bullet hits the steam dragon but does no damage.
You shoot a sling bullet.
The sling bullet barely misses the steam dragon.
You feel your willpower return.
You shoot a sling bullet.
The sling bullet closely misses the steam dragon.
The steam dragon bites you but does no damage.
The steam dragon closely misses you.
You shoot a sling bullet.
The sling bullet hits the steam dragon but does no damage.
The steam dragon bites you!
The steam dragon claws you but does no damage.
The steam dragon breathes steam at you. The ball of steam hits you!
1991 ||| STAIRDANCE You are engulfed in a cloud of scalding steam.
The steam dragon bites you. The steam dragon closely misses you.
You climb upwards.
There is a stone staircase leading down here.
You shoot a sling bullet.
The sling bullet barely misses the steam dragon.
The steam dragon bites you but does no damage.
The steam dragon barely misses you.
You shoot a sling bullet. The sling bullet hits the steam dragon.
The steam dragon is lightly wounded.
The steam dragon bites you but does no damage.
The steam dragon claws you.
You shoot a sling bullet. The sling bullet hits the steam dragon.
The steam dragon is lightly wounded.
The steam dragon bites you.
You die...

#........#....##### ####.....
######..##......).########.####
#.###......#............(. #.#
#...##.##########.###. #.#
#...##.##########.###. #.#
###..#..............#. #.#
##.###............#< #<#
#.#...#..........## ##.#
#D@..............#
#######..######..####..........#
(...............## #..........##
.#.#.#.#.#.#..### #.########.^.
......).........# #..|#### ####
...}.....}......#######....#
......_............#######.###
...}.....}...#####.......[...##
...!.........# ########..#..###


You could see a steam dragon.

Vanquished Creatures
  2 adders (D:2)
  A gnoll (D:1)
  An ufetubus (D:4)
  A dart slug (D:1)
  An orc (D:3)
  7 bats
  4 endoplasms
  4 giant cockroaches
  6 goblins
  5 hobgoblins
  4 jackals (D:1)
  A quokka (D:3)
  6 ball pythons
  5 frilled lizards (D:1)
  7 kobolds
  2 rats
57 creatures vanquished.

Vanquished Creatures (others)
  A hobgoblin (D:4)
1 creature vanquished.

Grand Total: 58 creatures vanquished

Notes
Turn   | Place    | Note
-------+----------+-------------------------------------------
     0 | D:1      | qw the Gargoyle Hexslinger began the quest for the Orb.
     0 | D:1      | Reached XP level 1. HP: 12/12 MP: 2/2
     0 | D:1      | 0 ||| qw: Version: 0.3-a-46-gb1f654a
     0 | D:1      | 0 ||| qw: Game counter: 3564
     0 | D:1      | 0 ||| qw: Melee chars always use a shield: true
     0 | D:1      | 0 ||| qw: God list: Okawaru
     0 | D:1      | 0 ||| qw: Allow faded altars: false
     0 | D:1      | 0 ||| qw: Do Orc after clearing Dungeon:15 true
     0 | D:1      | 0 ||| qw: Do second Lair branch before Depths: true
     0 | D:1      | 0 ||| qw: Lair rune preference: random
     0 | D:1      | 0 ||| qw: Goals: Normal
     0 | D:1      | 0 ||| PLANNING D:1-11
    72 | D:1      | HP: 2/12 [goblin/+0 dagger (3)]
   173 | D:1      | Reached XP level 2. HP: 16/16 MP: 3/3
   382 | D:1      | Reached skill level 3 in Ranged Weapons
   444 | D:1      | Reached XP level 3. HP: 21/21 MP: 4/4
   887 | D:1      | 887 ||| UPGRADING to +0 leather armour.
   897 | D:1      | 897 ||| DROPPING +0 robe.
   898 | D:1      | 898 ||| UPGRADING to amulet of faith.
   903 | D:1      | 903 ||| READING scroll labelled DOYNEE ETOEH.
   904 | D:1      | 904 ||| READING 2 scrolls labelled JOED SEORUO.
   905 | D:1      | 905 ||| READING 3 scrolls labelled YZXOHA ETIAMAM.
   910 | D:1      | 910 ||| READING scroll labelled YZXYTHROOMIO.
   911 | D:1      | 911 ||| DRINKING 2 metallic grey potions.
   912 | D:1      | 912 ||| DROPPING scroll of poison.
   913 | D:1      | 913 ||| DROPPING potion of attraction.
   967 | D:2      | Reached XP level 4. HP: 26/26 MP: 5/5
  1053 | D:2      | Reached skill level 4 in Ranged Weapons
  1136 | D:2      | You fall into a shaft and drop 2 floors!
  1149 | D:4      | Noticed a steam dragon
  1151 | D:4      | HP: 3/26 [something/ball of steam (23)]
  1152 | D:4      | 1152 ||| READING 2 scrolls of teleportation.
  1157 | D:4      | 1157 ||| READING scroll of teleportation.
  1157 | D:4      | HP: 3/26 [giant cockroach (2)]
  1252 | D:4      | 1252 ||| UPGRADING to +0 ring mail.
  1262 | D:4      | 1262 ||| DROPPING +0 leather armour.
  1263 | D:4      | 1263 ||| UPGRADING to +6 ring of dexterity.
  1264 | D:4      | 1264 ||| READING scroll labelled ESAJUITOFAL.
  1266 | D:4      | 1266 ||| FLEEEEING.
  1267 | D:4      | 1267 ||| FLEEEEING.
  1269 | D:4      | 1269 ||| FLEEEEING.
  1270 | D:4      | 1270 ||| STAIRDANCE
  1323 | D:3      | Found a burning altar of Makhleb.
  1325 | D:3      | Noticed a blizzard demon
  1350 | D:3      | 1350 ||| READING scroll labelled SUREAM ISIR.
  1351 | D:3      | 1351 ||| READING 2 scrolls of identify.
  1351 | D:3      | 1351 ||| IDENTIFYING bubbling white potion
  1558 | D:2      | 1558 ||| READING 2 scrolls of identify.
  1558 | D:2      | 1558 ||| IDENTIFYING yellow potion
  1598 | D:3      | Found a white marble altar of Elyvilon.
  1633 | D:3      | Reached skill level 1 in Armour
  1655 | D:3      | 1655 ||| FLEEEEING.
  1724 | D:3      | Identified the +2 chain mail of Keaveh {rF+++ rC+ Will+
                  | Str-5}
  1942 | D:3      | 1942 ||| UPGRADING to ring of resist corrosion.
  1943 | D:3      | 1943 ||| READING scroll labelled TYNIRH QEEM.
  1944 | D:3      | 1944 ||| READING scroll labelled REODOSU QEEMOF.
  1945 | D:3      | 1945 ||| READING scroll labelled ATUEZA BUJOC.
  1946 | D:3      | 1946 ||| READING 2 scrolls of identify.
  1946 | D:3      | 1946 ||| IDENTIFYING fuming amethyst potion
  1947 | D:3      | 1947 ||| DROPPING potion of ambrosia.
  1963 | D:4      | 1963 ||| STAIRDANCE
  1991 | D:4      | 1991 ||| STAIRDANCE
  1991 | D:4      | HP: 3/26 [steam dragon (5)]
  1994 | D:3      | HP: 1/26 [steam dragon (3)]
  1995 | D:3      | Slain by a steam dragon

Levels and vault maps discovered:
D:1:      dpeg_arrival_prison, layout_basic, minmay_tripent
D:2:      minmay_wonky_spiral, layout_rooms, kennysheep_generic_room_16
D:3:      layout_rooms, elyvilon_altar_5, makhleb_altar_promises_db,
          corexii_leaking_fountain
D:4:      layout_loops_cross, nicolae_overflow_hidden_temple, uniq_sigmund

Skill      XL: |  1  2  3  4 |
---------------+-------------+-----
Ranged Weapons | 3 4 |  4.2
Fighting       | 2 |  2.0
Armour         | 1 |  1.0
Dodging        | |  1.5
Spellcasting   | |  1.0
Hexes          | |  2.6

Action                     |  1- 3 |  4- 6 || total
---------------------------+-------+-------++-------
   Fire: Sling             |   132 |    76 ||   208
    Use: Scroll            |     4 |    10 ||    14
         Potion            |     1 |       ||     1
 Armour: Robe              |    36 |       ||    36
         Leather armour    |     4 |    14 ||    18
         Ring mail         |       |    10 ||    10
  Dodge: Dodged            |    55 |    32 ||    87

Table legend:
 A = Non-vault XP
 B = Vault XP
 C = Vault XP percentage of total XP
 D = Non-vault monster count
 E = Vault monster count
 F = Vault count percentage of total count
                 A         B        C        D         E       F
            +---------+---------+-------+---------+---------+-------
      Total |     124 |      11 |   8.1 |      51 |       7 |  12.1
            +---------+---------+-------+---------+---------+-------
        D:1 |      57 |       6 |   9.5 |      26 |       4 |  13.3
        D:2 |      46 |       5 |   9.8 |      13 |       3 |  18.8
        D:3 |      18 |       0 |   0.0 |      10 |       0 |   0.0
        D:4 |       3 |       0 |   0.0 |       2 |       0 |   0.0
            +---------+---------+-------+---------+---------+-------
